Unix NetHack Version 5.0.0-0 post-release - last build Jun 10 2026 00:39:30 (3ee93aec679c4c4259841fe613dc97188e26a321,branch:main).

Game began 2026-06-13 09:47:59, ended 2026-06-13 09:55:50.

GdeVolpiano, neutral female human Tourist

 -----
 |....|      |
 |.....     .---                 -- ---
   ..hG-- .....---          ....>.....----          ---     |
     -@f..........h..............G..............................-
     -- ---   .--         ..----                   -----        |
              --            |

GdeVolpiano the Sightseer   St:10 Dx:15 Co:9 In:16 Wi:11 Ch:14  Neutral
Dlvl:3  $:315 HP:0(19) Pw:12(12) AC:5  Xp:3 T:809 

Latest messages:
 In what direction?
 You put an uncursed +0 Hawaiian shirt into the chest.
 You put 4 uncursed scrolls of magic mapping into the chest.
 You put an expensive camera (0:71) into the chest.
 You put a black gem into the chest.
 You put a blue gem into the chest.
 You put a green gem into the chest.
 Your movements are now unencumbered.
 You feel your magical energy drain away!
 You see here a crossbow.
 In what direction?
 You don't find anything here to loot.
 Where do you want to travel to?
 (For instructions type a '?')
 You materialize in a different location!
 The door opens.
 Where do you want to travel to?
 (For instructions type a '?')
 You hear the chime of a cash register.
 You hear the chime of a cash register.
 You hear the chime of a cash register.
 You descend the stairs.
 There is a branch staircase up to the Dungeons of Doom here.
 You see here a candle.
 Heliodore misses the gnome lord.
 The gnome lord hits!
 Heliodore misses the gnome lord.
 You miss the gnome lord.
 Heliodore misses the gnome lord.
 The gnome lord hits!
 You hit the gnome lord.
 Heliodore misses the gnome lord.
 The gnome lord misses!
 You hit the gnome lord.
 Heliodore bites the gnome lord.
 The gnome lord hits Heliodore.
 You hit the gnome lord!
 The gnome lord hits!
 You hit the gnome lord.
 The gnome lord hits!
 What do you want to drink? [qv or ?*]
 As you open the bottle, an enormous ghost emerges!
 You are frightened to death, and unable to move.
 Murphy's ghost touches you!
 The gnome lord hits!
 Murphy's ghost touches you!
 The gnome lord hits!
 You die...
 Do you want your possessions identified? [ynq] (y)
 Do you want to see your attributes? [ynq] (y)

Inventory:
 Coins    ('$')
  $ - 315 gold pieces
 Weapons  (')')
  a - 22 +2 darts (at the ready)
  w - a +0 mace (weapon in right hand)
 Armor    ('[')
  p - an uncursed +0 orcish helm (being worn)
  y - an uncursed +0 small shield (being worn)
  z - an uncursed +0 studded leather armor (being worn)
 Comestibles  ('%')
  d - 2 uncursed figs
  f - 2 uncursed apples
  u - an uncursed cram ration
  b - 3 uncursed food rations
  c - an uncursed fortune cookie
  g - an uncursed tin of french fried kobold meat
  e - 2 uncursed eggs
  m - an uncursed lichen corpse
 Scrolls  ('?')
  t - an uncursed scroll of identify
 Potions  ('!')
  q - an uncursed potion of healing
  v - a cursed potion of healing
 Tools    ('(')
  l - an uncursed credit card
  n - an uncursed stethoscope

GdeVolpiano the Tourist's attributes:

Background:
 You were a Sightseer, a level 3 female human Tourist.
 You were neutral, on a mission for The Lady
 who was opposed by Blind Io (lawful) and Offler (chaotic).
 You were right-handed.
 You were in the Gnomish Mines, on level 3.
 You entered the dungeon 809 turns ago.
 You had 47 experience points, 33 more were needed to attain level 4.

Basics:
 You had 0 out of 19 hit points.
 You had all 12 energy points (spell power).
 Your armor class was 5.
 Your wallet contained 315 zorkmids.
 Autopickup was on for '$?!/="+' plus thrown, with exceptions.

Final Characteristics:
 Your strength was 10 (limit:18/100).
 Your dexterity was 15 (limit:18).
 Your constitution was 9 (limit:18).
 Your intelligence was 16 (limit:18).
 Your wisdom was 11 (limit:18).
 Your charisma was 14 (limit:18).

Final Status:
 You weren't hungry.
 You were unencumbered.
 You were wielding a mace.
 You were unskilled in mace.

Final Attributes:
 You were fervently aligned.
 You were warded.
 You are dead.

Miscellaneous:
 You didn't encounter any bones levels.
 Total elapsed playing time was 7 minutes and 48 seconds.

Major events:
 Turn
    1: GdeVolpiano the neutral female human Tourist entered the dungeon
  413: entered the Gnomish Mines
  625: attained the rank of Sightseer (level 3)
  809: killed by a gnome lord, while being frightened to death

You didn't know any spells.

Skills:
 Fighting Skills
   bare handed combat [Unskilled]
   two weapon combat  [Unskilled]
   riding             [Unskilled]
 Weapon Skills
   dagger             [Unskilled]
   knife              [Unskilled]
   axe                [Unskilled]
   pick-axe           [Unskilled]
   short sword        [Unskilled]
   broadsword         [Unskilled]
   long sword         [Unskilled]
   two-handed sword   [Unskilled]
   saber              [Unskilled]
   mace               [Unskilled]
   morning star       [Unskilled]
   flail              [Unskilled]
   hammer             [Unskilled]
   quarterstaff       [Unskilled]
   polearms           [Unskilled]
   spear              [Unskilled]
   trident            [Unskilled]
   lance              [Unskilled]
   bow                [Unskilled]
   sling              [Unskilled]
   crossbow           [Unskilled]
   dart               [Basic]
   shuriken           [Unskilled]
   boomerang          [Unskilled]
   whip               [Unskilled]
   unicorn horn       [Unskilled]
 Spellcasting Skills
   divination spells  [Unskilled]
   enchantment spells [Unskilled]
   escape spells      [Unskilled]

Voluntary challenges:
 Character rerolling was not enabled.
 You were an atheist.
 You were illiterate.
 You never genocided any monsters.
 You never polymorphed an object.
 You never changed form.
 You used no wishes.
Achievements:
 You entered the Gnomish Mines.
 You entered a shop.
 You attained the rank of Sightseer.

 The Dungeons of Doom: levels 1 to 3
    Level 1:
       A fountain.
    Level 2:
       An armor shop.
       Stairs down to The Gnomish Mines.
    Level 3:
 The Gnomish Mines:
    Level 3: <- You were here.
       Final resting place for
          you, killed by a gnome lord, while being frightened to death.


Vanquished creatures:
  a gas spore
  a gnome
  a gecko
  4 jackals
  2 goblins
  3 grid bugs
  a lichen
  a kobold zombie
  a newt
15 creatures vanquished.

No species were genocided or became extinct.

Game over:
                       ----------
                      /          \
                     /    REST    \
                    /      IN      \
                   /     PEACE      \
                  /                  \
                  |   GdeVolpiano    |
                  |      315 Au      |
                  |   killed by a    |
                  |    gnome lord    |
                  |                  |
                  |                  |
                  |       2026       |
                 *|     *  *  *      | *
        _________)/\\_//(\/(/\)/\//\/|_)_______

Aloha GdeVolpiano the Tourist...

You died in The Gnomish Mines on dungeon level 3 with 288 points,
and 315 pieces of gold, after 809 moves.
You were level 3 with a maximum of 19 hit points when you died.

